 Dungeon Crawl Stone Soup version 0.32-a0-361-g289a535 (webtiles) character file.

Game seed: 8878279794686268833

487 Nithhogg the Trooper (level 6, 0/56 HPs)
             Began as a Mountain Dwarf Fighter on Feb 18, 2024.
             Slain by a black bear (4 damage)
             ... on level 5 of the Dungeon.
             The game lasted 00:05:51 (3335 turns).

Nithhogg the Trooper (Mountain Dwarf Fighter)       Turns: 3335, Time: 00:05:52

Health: 0/56       AC:  7    Str: 20    XL:     6   Next: 89%
Magic:  0/9        EV:  9    Int:  9    God:
Gold:   147        SH:  0    Dex:  9    Spells: 5/5 levels left

rFire   . . .        a - +0 war axe
rCold   . . .        (no shield)
rNeg    . . .        b - +0 scale mail
rPois   .            (no helmet)
rElec   .            (no cloak)
rCorr   .            (no gloves)
SInv    .            (no boots)
Will    .....        e - amulet of guardian spirit Stlth
                     (no ring)
HPRegen 0.29/turn    (no ring)
MPRegen 0.11/turn

%: guardian spirit
@: about to teleport
A: runic magic, artefact enchanting
a: no special abilities


You were on level 5 of the Dungeon.
You visited 1 branch of the dungeon, and saw 5 of its levels.

You collected 147 gold pieces.

Inventory:

Hand Weapons
 a - a +0 war axe (weapon)
 l - a +3 dagger
Armour
 b - a +0 scale mail (worn)
 c - a +0 buckler
Jewellery
 e - an amulet of guardian spirit (around neck)
Talismans
 d - a serpent talisman
Scrolls
 j - a scroll of enchant armour
 n - a scroll of vulnerability
Potions
 h - 2 potions of attraction
 k - 2 potions of mutation {unknown}
 m - a potion of berserk rage {unknown}
 o - a potion of enlightenment {unknown}
 p - a potion of invisibility {unknown}


   Skills:
 + Level 5.1 Fighting
 + Level 4.9 Axes
 + Level 5.1 Armour
 - Level 3.2 Shields
 + Level 4.4 Invocations


You had 5 spell levels left.
You didn't know any spells.
Your spell library contained the following spells:

 Spells                   Type           Power      Damage    Failure   Level
 Summon Blazeheart Golem  Fire/Summ      0%         N/A       99%         4
 Orb of Destruction       Conj           0%         9d5       100%        7
 Spellforged Servitor     Conj/Summ      0%         N/A       100%        7


Dungeon Overview and Level Annotations

Branches:
Dungeon (5/15)
 Temple: D:4-7

Altars:
Cheibriados

Annotations:
D:3 3 runed translucent doors, bobfrom10's ghost, amateur HOMo


Innate Abilities, Weirdness & Mutations

Your spellcasting is much less encumbered by armour.
You can use scrolls of enchantment on lesser artefacts.


Message History

You are too injured to fight recklessly!
You are too injured to fight recklessly!
You are too injured to fight recklessly!
You are too injured to fight recklessly!
You are too injured to fight recklessly!
You hit the black bear.
The black bear is almost dead.
The black bear bites you. The black bear claws you.
* * * LOW HITPOINT WARNING * * *
The black bear barely misses you. The black bear bites you!
* * * LOW HITPOINT WARNING * * *
The black bear claws you.
* * * LOW HITPOINT WARNING * * *
The black bear claws you but does no damage.
The black bear bites you but does no damage.
The black bear barely misses you.
The black bear claws you but does no damage.
You feel better. The black bear bites you.
* * * LOW HITPOINT WARNING * * *
The black bear claws you but does no damage.
The black bear claws you.
* * * LOW HITPOINT WARNING * * *
The black bear closely misses you. The black bear barely misses you.
The black bear closely misses you.
You feel better.
The black bear bites you but does no damage.
The black bear claws you.
* * * LOW HITPOINT WARNING * * *
The black bear claws you but does no damage.
The black bear bites you but does no damage.
The black bear barely misses you.
The black bear claws you but does no damage.
The black bear rages.
The black bear completely misses you.
The black bear claws you but does no damage.
The black bear claws you.
* * * LOW HITPOINT WARNING * * *
As you read the scroll of teleportation, it crumbles to dust.
You feel strangely unstable. The black bear bites you.
You die...

#.......#......
####.####........
#.#..#..........### #####
#....#............##....
. ##....)................
.#
##....>..........>..##..#
#.....................#
#..#..................##
###.......@h...........#
##............###.......
#........##.....###.....
###....#####..### #...
#....# #....# ## #....#
##..## ###### ####


You could see a black bear (berserk).

Vanquished Creatures
  A water moccasin (D:5)
  A bombardier beetle (D:4)
  A hound (D:4)
  A jelly (D:4)
  2 iguanas
  10 adders
  4 ribbon worms
  2 dart slugs
  7 orcs
  4 endoplasms
  4 giant cockroaches
  7 goblins
  9 hobgoblins
  A quokka (D:2)
  3 ball pythons
  5 bats
  3 frilled lizards (D:1)
  7 kobolds
  6 rats
78 creatures vanquished.

Notes
Turn   | Place    | Note
-------+----------+-------------------------------------------
     0 | D:1      | Nithhogg the Mountain Dwarf Fighter began the quest for the
                  | Orb.
     0 | D:1      | Reached XP level 1. HP: 19/19 MP: 1/1
    94 | D:1      | Reached skill level 1 in Invocations
    94 | D:1      | Reached XP level 2. HP: 26/26 MP: 2/2
   153 | D:1      | Reached XP level 3. HP: 9/33 MP: 4/4
   745 | D:2      | Reached XP level 4. HP: 26/40 MP: 5/5
  1477 | D:3      | Found a snail-covered altar of Cheibriados.
  1869 | D:3      | Found a runed translucent gate.
  1869 | D:3      | Found a runed translucent gate.
  1869 | D:3      | Found a runed translucent gate.
  1920 | D:3      | Reached XP level 5. HP: 46/46 MP: 7/7
  1923 | D:3      | Noticed bobfrom10's ghost (amateur HOMo)
  2597 | D:4      | Reached XP level 6. HP: 40/53 MP: 5/8
  3052 | D:5      | Entered Level 5 of the Dungeon
  3137 | D:5      | Noticed a water moccasin
  3163 | D:5      | Killed a water moccasin
  3164 | D:5      | Reached skill level 5 in Fighting
  3164 | D:5      | Reached skill level 5 in Armour
  3326 | D:5      | HP: 1/56 [black bear (4)]
  3335 | D:5      | Slain by a black bear

Illustrated notes

Levels and vault maps discovered:
D:1:      evilmike_arrival_plus, layout_rooms, grunt_decor_fettered
D:2:      layout_basic
D:3:      layout_loops_corners, cheibrodos_worm_habitat, gammafunk_ghost_icy
D:4:      layout_loops_ring, minmay_bisected
D:5:      layout_cave_pools, temple_pool_b, st_stairs_9, grunt_ministairs_3,
          saegor_snake_ambush

Skill      XL: |  1  2  3  4  5  6 |
---------------+-------------------+-----
Invocations    | 1 2 3 4 |  4.4
Axes           | 3 4 |  4.9
Fighting       | 4 5 |  5.1
Armour         | 4 5 |  5.1
Shields        | |  3.2

Action                     |  1- 3 |  4- 6 || total
---------------------------+-------+-------++-------
  Melee: War axe           |    93 |   193 ||   286
    Use: Scroll            |     1 |     6 ||     7
         Potion            |       |     5 ||     5
 Armour: Scale mail        |    92 |   222 ||   314
  Dodge: Dodged            |    68 |   108 ||   176

Table legend: (Time is in decaauts)
 A = Elapsed time spent in this place.
 B = Non-inter-level travel time spent in this place.
 C = Inter-level travel time spent in this place.
 D = Time resting spent in this place.
 E = Time spent auto-exploring this place.
 F = Levels seen in this place.
 G = Mean time per level.
                   A        B        C        D        E       F      G
               +--------+--------+--------+--------+--------+-----+--------+
         Total |   3438 |   3293 |    145 |    385 |   2177 |   5 |  687.6 |
       Dungeon |   3438 |   3293 |    145 |    385 |   2177 |   5 |  687.6 |
               +--------+--------+--------+--------+--------+-----+--------+

Top non-repeatable levels by time:
     D:4: 1113 daAuts
     D:2: 782 daAuts
     D:1: 693 daAuts
     D:3: 558 daAuts
     D:5: 290 daAuts
